 Dungeon Crawl Stone Soup version 0.29.1-13-g9f3cf754e1 (webtiles) character file.

Game seed: 14859867559825009735

17 ChrisAssaf the Conjurer (level 2, -1/19 HPs)
             Began as a Mummy Conjurer on Jan 31, 2023.
             Slain by an adder (2 damage)
             ... on level 2 of the Dungeon.
             The game lasted 00:02:27 (627 turns).

ChrisAssaf the Conjurer (Mummy Conjurer)             Turns: 627, Time: 00:02:27

Health: -1/19      AC:  2    Str: 10    XL:     2   Next: 44%
Magic:  1/5        EV: 12    Int: 17    God:
Gold:   32         SH:  0    Dex: 10    Spells: 3/6 levels left

rFire   x . .      SeeInvis .   (no weapon)
rCold   + . .      Faith    .   (no shield)
rNeg    + + +      Spirit   .   a - +0 robe
rPois   ∞          Reflect  .   (no helmet)
rElec   .          Harm     .   (no cloak)
rCorr   .          Rampage  .   (no gloves)
Will    .....                   (no boots)
Stlth   ++........              (no amulet)
HPRegen 0.06/turn               (no ring)
MPRegen 0.09/turn               (no ring)

@: no status effects
A: cold resistance 1, negative energy resistance 3, torment resistance 2, heat
vulnerability 1, no potions
a: no special abilities


You were on level 2 of the Dungeon.
You visited 1 branch of the dungeon, and saw 2 of its levels.

You collected 32 gold pieces.

Inventory:

Armour
 a - a +0 robe (worn)
Scrolls
 b - a scroll of amnesia {unknown}
 c - a scroll of noise {unknown}


   Skills:
 * Level 2.0 Dodging
 * Level 1.6 Stealth
 * Level 2.8 Spellcasting
 * Level 3.5 Conjurations


You had 3 spell levels left.
You knew the following spells:

 Your Spells              Type           Power      Damage    Failure   Level
a - Magic Dart            Conj           56%        1d5       4%          1
b - Searing Ray           Conj           28%        2d5       6%          2

Your spell library contained the following spells:

 Spells                   Type           Power      Damage    Failure   Level
 Dazzling Flash           Conj/Hex       16%        N/A       26%         3
 Fulminant Prism          Conj/Hex       4%         3d6       65%         4
 Iskenderun's Mystic Bla  Conj/Tloc      8%         2d4       65%         4


Dungeon Overview and Level Annotations

Branches:
Dungeon (2/15)

Altars:


Innate Abilities, Weirdness & Mutations

You are immune to poison.
Your flesh is cold resistant. (rC+)
You are immune to negative energy. (rN+++)
You are immune to unholy pain and torment.
You are vulnerable to heat. (rF-)
You do not drink.


Message History

The adder barely misses you.
Without enough magic to sustain it, your searing ray dissipates.
The adder closely misses you. The adder closely misses you.
The adder bites you.
* * * LOW HITPOINT WARNING * * *
The adder attacks as you move away! The adder completely misses you.
The adder bites you but does no damage.
Found 5 gold pieces.
The adder attacks as you move away! The adder closely misses you.
The adder completely misses you. The adder bites you.
* * * LOW HITPOINT WARNING * * *
A frilled lizard comes into view.
The frilled lizard hisses angrily.
The adder closely misses you. The frilled lizard barely misses you.
Casting: Searing Ray (safe; 6% risk of failure)
Confirm with . or Enter, or press ? or * to list all spells.
Aiming: Magic Dart (safe; 4% risk of failure)
Press: ? - help, Shift-Dir - straight line, f/p - adder
Aim: an adder (almost dead, 100% to hit)
The magic dart hits the adder.
The adder is almost dead.
The adder bites you.
* * * LOW HITPOINT WARNING * * *
The frilled lizard bites you but does no damage.
You hit the adder but do no damage.
The adder is almost dead.
The adder bites you.
* * * LOW HITPOINT WARNING * * *
The frilled lizard misses you.
You barely miss the adder.
The adder is almost dead.
The adder closely misses you. The adder barely misses you.
The frilled lizard barely misses you.
You miss the adder.
The adder is almost dead.
The adder bites you.
You die...

#.#
####.#...#≈
#.# #.†._.#≈
#.# ###...#≈
#.# #####
#.# ≈≈≈≈ #.#
≈≈≈≈≈≈ #.#
≈≈≈≈≈≈≈
#.##########
##≈≈≈≈≈#
#$..S@l....#
#######
##########.#


You could see an adder and a frilled lizard.

Vanquished Creatures
  An adder (D:2)
  A ball python (D:1)
  An endoplasm (D:1)
  2 giant cockroaches (D:1)
  A goblin (D:1)
  A hobgoblin (D:1)
7 creatures vanquished.

Notes
Turn   | Place    | Note
-------+----------+-------------------------------------------
     0 | D:1      | ChrisAssaf the Mummy Conjurer began the quest for the Orb.
     0 | D:1      | Reached XP level 1. HP: 13/13 MP: 4/4
   510 | D:1      | Reached XP level 2. HP: 19/19 MP: 0/5
   561 | D:1      | Learned a level 2 spell: Searing Ray
   576 | D:2      | Found a faded altar of an unknown god.
   606 | D:2      | Identified the ring "Devim" {Int+6 SInv}
   627 | D:2      | Slain by an adder

Illustrated notes

Levels and vault maps discovered:
D:1:      amcnicky_arrival_choice, layout_loops_ring, kennysheep_small_spiral,
          chequers_serial_rivers_room_b, supply_closet_lemuel
D:2:      layout_loops_ring, nicolae_ecumenical_lake_church

Skill      XL: |  1  2 |
---------------+-------+-----
Dodging        | 2 |  2.0
Stealth        | |  1.6
Spellcasting   | |  2.8
Conjurations   | |  3.5

Action                   || total
-------------------------++-------
Melee: Unarmed           ||     3
 Cast: Magic Dart        ||    16
       Searing Ray       ||     3
Armor: Robe              ||     9
Dodge: Dodged            ||    31
